 Dungeon Crawl Stone Soup version 0.29.1-15-g9cfb28693d (webtiles) character file.

Game seed: 17162160692669553276

1703 despera the Conjurer (level 9, -1/93 HPs)
             Began as a Human Conjurer on Apr 5, 2023.
             Was an Initiate of Ashenzari.
             Slain by an ice beast (19 damage)
             ... on level 7 of the Dungeon.
             The game lasted 00:24:16 (4903 turns).

despera the Conjurer (Human Conjurer)               Turns: 4903, Time: 00:24:16

Health: -1/93      AC: 24    Str: 12    XL:     9   Next: 23%
Magic:  18/18      EV:  2    Int: 23    God:    Ashenzari [......]
Gold:   284        SH:  0    Dex: 15    Spells: 19/20 levels left

rFire   + + .      SeeInvis .   r - +6 whip of the Volcano {vorpal, *Slow Str+4 Dex+4}
rCold   x . .      Faith    .   (no shield)
rNeg    . . .      Spirit   .   (body armour currently unavailable)
rPois   +          Reflect  .   (helmet currently unavailable)
rElec   .          Harm     .   (cloak currently unavailable)
rCorr   .          Rampage  .   (gloves currently unavailable)
Will    .....      NoTele   +   (boots currently unavailable)
Stlth   ++........              q - amulet of regeneration
HPRegen 1.05/turn               l - ring of fire
MPRegen 0.16/turn               n - ring of protection from fire

@: tree-form
A: stationary, stasis, torment immunity, boosted hp
a: Renounce Religion, Curse Item


You were on level 7 of the Dungeon.
You worshipped Ashenzari.
Ashenzari was noncommittal.
You were a tree.
You visited 2 branches of the dungeon, and saw 8 of its levels.

You collected 284 gold pieces.

Inventory:

Hand Weapons
 g - a +1 spear
 r - the +6 whip of the Volcano (weapon) {vorpal, *Slow Str+4 Dex+4}
   (You found it on level 2 of the Dungeon)

   It inflicts extra damage upon your enemies.
   Str:       It affects your strength (+4).
   Dex:       It affects your dexterity (+4).
   *Slow:     It may slow you when you take damage.
 t - a +2 short sword of electrocution
Armour
 a - a +1 robe (melded)
 h - an orb of mayhem
 s - a +1 cloak (melded)
Magical Staves
 k - a staff of poison
Jewellery
 l - a ring of fire (left branch)
 n - a ring of protection from fire (right branch)
 q - an amulet of regeneration (around neck)
 u - a ring of flight
 w - a ring of positive energy
Wands
 x - a wand of flame (14)
Scrolls
 m - a scroll of magic mapping
Potions
 b - a potion of cancellation
 c - 2 potions of degeneration
 d - 2 potions of attraction
 i - a potion of flight
 j - 2 potions of curing
 p - 2 potions of might
 v - a potion of brilliance


   Skills:
 + Level 2.9 Fighting
 + Level 3.1 Maces & Flails
 + Level 3.7 Dodging
 + Level 3.4 Stealth
 + Level 6.1 Spellcasting
 + Level 7.8 Conjurations


You had 19 spell levels left.
You knew the following spells:

 Your Spells              Type           Power      Damage    Failure   Level
a - Magic Dart            Conj           100%       1d8       1%          1

Your spell library contained the following spells:

 Spells                   Type           Power      Damage    Failure   Level
 Searing Ray              Conj           86%        2d7       1%          2
 Dazzling Flash           Conj/Hex       50%        N/A       4%          3
 Slow                     Hex            28%        N/A       9%          1
 Summon Small Mammal      Summ           28%        N/A       9%          1
 Blink                    Tloc           14%        N/A       13%         2
 Sublimation of Blood     Necr           7%         N/A       13%         2
 Wereblood                Tmut           7%         N/A       13%         2
 Fulminant Prism          Conj/Hex       12%        3d9       17%         4
 Iskenderun's Mystic Bla  Conj/Tloc      25%        2d7       17%         4
 Call Canine Familiar     Summ           7%         N/A       26%         3
 Confusing Touch          Hex            7%         N/A       26%         3
 Lesser Beckoning         Tloc           7%         N/A       26%         3
 Summon Guardian Golem    Hex/Summ       7%         N/A       26%         3
 Vampiric Draining        Necr           7%         2d6       26%         3
 Manifold Assault         Tloc           7%         N/A       93%         5
 Summon Hydra             Summ           3%         N/A       100%        7


Dungeon Overview and Level Annotations

Branches:
Dungeon (7/15)             Temple (1/1) D:4

Altars:
Ashenzari
Cheibriados
Dithmenos
Elyvilon
Fedhas
Gozag
Hepliaklqana
Kikubaaqudgha
Makhleb
Nemelex Xobeh
Okawaru
Qazlal
Ru
Trog
Vehumet
Wu Jian
Xom
Yredelemnul
Zin
The Shining One


Message History

You're too confused to move!
The centaur shoots an arrow.
The arrow hits you!
You bump into the rock wall.
The ice beast misses you.
You feel less invigorated.
You feel less confused.
The magic dart hits the ice beast.
The ice beast is lightly wounded.
The ice beast closely misses you.
The centaur unwields a +0 shortbow.
The centaur closely misses you. The centaur kicks you.
You whack the ice beast!
The ice beast is heavily wounded.
The ice beast closely misses you. The centaur closely misses you.
The centaur misses you.
You hit the ice beast but do no damage.
The ice beast is heavily wounded.
The centaur closely misses you.
The centaur kicks you but does no damage.
The ice beast misses you.
You completely miss the ice beast.
The ice beast is heavily wounded.
The centaur misses you. The centaur closely misses you.
The ice beast misses you. The centaur hits you. The centaur closely misses you.
You hit the ice beast.
The ice beast is heavily wounded.
The centaur hits you. The centaur kicks you. The ice beast hits you.
The ice beast freezes you!
You feel a terrible chill!
* * * LOW HITPOINT WARNING * * *
You turn into a tree.
Your +1 cloak melds into your body.
Your +1 robe melds into your body.
Your roots penetrate the ground.
The centaur hits you but does no damage.
The centaur barely misses you.
The ice beast hits you but does no damage.
The centaur hits you.
* * * LOW HITPOINT WARNING * * *
The centaur kicks you but does no damage.
The centaur hits you but does no damage.
The centaur kicks you but does no damage.
The ice beast hits you.
* * * LOW HITPOINT WARNING * * *
The ice beast freezes you!!
You feel a terrible chill!
You die...

#...#... ...# ..
#...#.### #..# .##.#.....
....>...###..##..#.#.....
.........##...(..........
........<##............
#...#.##.##.#.##.#....
#...#............#..#
#...####.###..####†.###
#...# #.# #..#.♣Y....#
##.## #.# #.....c..#.#
#.# #.# #.##.##.## #.#
#............#
#####.##.##.#..
#........#..
####........# #####.####


You could see an ice beast and a centaur.

Vanquished Creatures
  Grinder (D:6)
  Sigmund (D:3)
  A steam dragon (D:7)
  An ice beast (D:7)
  3 black bears
  2 ogres
  A centaur (D:6)
  A necrophage (D:5)
  2 scorpions (D:6)
  A howler monkey (D:4)
  A jelly (D:4)
  4 orc priests
  4 orc wizards
  3 adders
  A gnoll (D:5)
  A shadow imp (D:6)
  2 white imps
  An ufetubus (D:4)
  2 dart slugs (D:3)
  13 orcs
  6 ball pythons
  A bat (D:3)
  2 endoplasms
  4 giant cockroaches
  3 goblins
  8 hobgoblins
  6 kobolds
  A quokka (D:2)
  4 rats
81 creatures vanquished.

Vanquished Creatures (others)
  3 plants (D:4)
3 creatures vanquished.

Grand Total: 84 creatures vanquished

Notes
Turn   | Place    | Note
-------+----------+-------------------------------------------
     0 | D:1      | despera the Human Conjurer began the quest for the Orb.
     0 | D:1      | Reached XP level 1. HP: 13/13 MP: 3/3
   261 | D:1      | You fall into a shaft and drop 1 floor!
   291 | D:2      | Reached XP level 2. HP: 19/19 MP: 3/5
   705 | D:2      | Reached XP level 3. HP: 24/24 MP: 2/6
  1011 | D:2      | Identified the +6 whip of the Volcano {vorpal, *Slow Str+4
                  | Dex+4}
  1220 | D:3      | Noticed Sigmund
  1237 | D:3      | Killed Sigmund
  1238 | D:3      | Reached skill level 5 in Conjurations
  1238 | D:3      | Reached XP level 4. HP: 19/30 MP: 0/8
  1238 | D:3      | Reached XP level 5. HP: 22/35 MP: 0/9
  1355 | D:3      | Reached XP level 6. HP: 41/41 MP: 8/10
  1598 | D:3      | Reached skill level 6 in Conjurations
  2292 | D:4      | Found a staircase to the Ecumenical Temple.
  2304 | Temple   | Entered the Ecumenical Temple
  2400 | Temple   | Became a worshipper of Ashenzari the Shackled
  2449 | D:4      | Reached skill level 1 in Maces & Flails
  2548 | D:4      | Noticed an ogre
  2557 | D:4      | Killed an ogre
  2558 | D:4      | Reached XP level 7. HP: 32/47 MP: 8/13
  2701 | D:4      | Reached skill level 1 in Fighting
  3142 | D:5      | Entered Level 5 of the Dungeon
  3390 | D:5      | Reached XP level 8. HP: 54/54 MP: 6/14
  3660 | D:6      | Found a glowing silver altar of Zin.
  3661 | D:6      | Found an opulent altar of Gozag.
  3661 | D:6      | Found a basalt altar of Yredelemnul.
  3662 | D:6      | Noticed Grinder
  3668 | D:6      | Paralysed by Grinder for 4 turns
  3763 | D:6      | Reached skill level 7 in Conjurations
  3873 | D:6      | Reached skill level 5 in Spellcasting
  4086 | D:6      | Paralysed by Grinder for 4 turns
  4103 | D:6      | Paralysed by Grinder for 2 turns
  4113 | D:6      | Killed Grinder
  4326 | D:6      | Reached XP level 9. HP: 62/62 MP: 10/17
  4903 | D:7      | Slain by an ice beast

Illustrated notes

Levels and vault maps discovered:
D:1:      erik_arrival_orb_chamber, layout_basic,
          shapermc_ecumenical_altar_hornbeckon, serial_bayou_pond_d, hex_large,
          fountainhead, minmay_crystal_room
D:2:      layout_basic
D:3:      layout_basic, uniq_sigmund
D:4:      layout_basic, minmay_temple_entry_gardened_gates
D:5:      layout_basic, hangedman_decor_clover_reticule, uniq_ijyb, uniq_pikel,
          uniq_duvessa
D:6:      layout_cave_pods, chequers_temple_overflow_statue_of_worship,
          uniq_grinder
D:7:      layout_loops_cross
Temple:   compressed_dpeg_triangle_lava_temple

Skill      XL: |  1  2  3  4  5  6  7  8  9 |
---------------+----------------------------+-----
Spellcasting   | 3 4 5 6 |  6.1
Conjurations   | 5 6 7 |  7.8
Maces & Flails | 1 2 3 |  3.1
Fighting       | 1 2 |  2.9
Dodging        | 3 |  3.7
Stealth        | 3 |  3.4

Action                   |  1- 3 |  4- 6 |  7- 9 || total
-------------------------+-------+-------+-------++-------
Melee: Unarmed           |     1 |       |       ||     1
       Spear             |     4 |       |       ||     4
       Whip              |     1 |    24 |    61 ||    86
       Punch             |       |     2 |       ||     2
 Cast: Magic Dart        |    58 |    50 |   147 ||   255
  Use: Scroll            |     1 |    12 |     7 ||    20
       Potion            |     1 |       |     5 ||     6
Armor: Robe              |       |    13 |    15 ||    28
       Skin              |       |       |     5 ||     5
Dodge: Dodged            |     7 |    12 |    74 ||    93
